 Dungeon Crawl Stone Soup version 0.21.2 (console) character file.

88 toffzen the Sneak (level 4, 0/30 HPs)
             Began as a Vampire Enchanter on Oct 22, 2018.
             Succumbed to an adder's poison
             ... on level 3 of the Dungeon.
             The game lasted 00:11:43 (3226 turns).

toffzen the Sneak (Vampire Enchanter)               Turns: 3226, Time: 00:11:43

Health: 0/30       AC:  3    Str:  7    XL:     4   Next: 29%
Magic:  4/8        EV: 12    Int: 18    God:
Gold:   140        SH:  0    Dex: 14    Spells: 2/8 levels left

rFire    . . .     SeeInvis +   a - +1 dagger
rCold    . . .     Gourm    .   (no shield)
rNeg     + . .     Faith    .   b - +0 robe
rPois    .         Spirit   .   (no helmet)
rElec    .         Reflect  .   (no cloak)
rCorr    .         Harm     .   (no gloves)
MR       .....                  f - +0 pair of boots
Stlth    +++.......             (no amulet)
HPRegen  0.10/turn              (no ring)
MPRegen  0.11/turn              (no ring)

@: lethally poisoned (0 -> -8)
A: fangs 3, see invisible, unbreathing
a: Bat Form


You were on level 3 of the Dungeon.
You were not thirsty.

You visited 1 branch of the dungeon, and saw 3 of its levels.

You collected 140 gold pieces.

Inventory:

Hand Weapons
 a - a +1 dagger (weapon)
Missiles
 m - 35 stones (quivered)
Armour
 b - a +0 robe (worn)
 f - a +0 pair of boots (worn)
Magical Staves
 i - a cursed staff of summoning {unknown}
Jewellery
 g - an uncursed amulet of the gourmand {unknown}
 l - an uncursed ring of poison resistance {unknown}
 o - an uncursed ring of fire {unknown}
 r - an uncursed amulet of guardian spirit {unknown}
Scrolls
 e - 4 scrolls of identify {unknown}
 p - a scroll of remove curse {unknown}
 q - a scroll of fog {unknown}
Potions
 d - 13 potions of blood
 h - a potion of flight {unknown}
 j - 2 potions of magic {unknown}
 k - a potion of agility {unknown}
 n - 2 potions of brilliance {unknown}
Books
 c - a book of Maledictions

   Spells                             Type                      Level
   a - Corona                         Hexes                        1
   b - Ensorcelled Hibernation        Hexes/Ice                    2
   c - Confuse                        Hexes                        3
   d - Tukima's Dance                 Hexes                        3
   e - Dazzling Spray                 Conjuration/Hexes            3


   Skills:
 - Level 1.1 Short Blades
 - Level 2.1 Dodging
 + Level 5.8 Stealth
 + Level 2.9 Spellcasting
 + Level 5.6 Hexes


You had 2 spell levels left.
You knew the following spells:

 Your Spells              Type           Power        Failure   Level  Hunger
a - Corona                Hex            ###....      1%          1    None
b - Ensorcelled Hibernat  Hex/Ice        ##....       8%          2    ##.....
c - Confuse               Hex            ###.....     4%          3    ###....


Dungeon Overview and Level Annotations

Branches:
Dungeon (3/15)

Altars:


Innate Abilities, Weirdness & Mutations

You have razor-sharp teeth.
You have supernaturally acute eyesight. (SInv)
You can survive without breathing.


Message History

* * * LOW HITPOINT WARNING * * *
You feel sick. The adder bites you.
* * * LOW HITPOINT WARNING * * *
You are more poisoned.
The adder poisons you! The adder closely misses you.
Yummy - fresh blood!
You are feeling very thirsty.
The adder closely misses you.
You barely miss the adder.
The adder is almost dead.
The adder closely misses you.
You hit the adder.
You kill the adder!
Yummy - fresh blood!
* * * LOW HITPOINT WARNING * * *
You feel sick.
There is a lethal amount of poison in your body!
There is a lethal amount of poison in your body!
There is a lethal amount of poison in your body!
You die...

#.# #.. #.. #.#
#.# #.# ########
#.# ### #.......
#@# #.######.####.
#.###.......%...#.
#..........#.##.#.
#####.####>#.##.#.
#........#.##.#.
#.#.....##.##.#.
#.#####.#.....#.
#.# #......####.
#.# #.#%##.#.<..
#.###.#..#.#.##.
#..........#.##.


There were no monsters in sight!

Vanquished Creatures
  A gnoll (D:1)
  2 adders (D:3)
  2 oozes
  A worm (D:3)
  A dart slug (D:1)
  A leopard gecko (D:1)
  A giant cockroach (D:1)
  5 goblins
  5 hobgoblins
  6 jackals
  5 kobolds
  5 bats
  4 frilled lizards
  7 rats
46 creatures vanquished.

Notes
Turn   | Place    | Note
-------+----------+-------------------------------------------
     0 | D:1      | toffzen the Vampire Enchanter began the quest for the Orb.
     0 | D:1      | Reached XP level 1. HP: 13/13 MP: 3/3
   645 | D:1      | Reached XP level 2. HP: 9/19 MP: 5/5
   934 | D:1      | Learned a level 2 spell: Ensorcelled Hibernation
  1195 | D:1      | Reached skill level 5 in Stealth
  1292 | D:1      | Reached skill level 5 in Hexes
  1363 | D:2      | Reached XP level 3. HP: 14/24 MP: 1/6
  1486 | D:2      | Learned a level 3 spell: Confuse
  2050 | D:2      | Found a faded altar of an unknown god.
  3092 | D:3      | Reached XP level 4. HP: 30/30 MP: 1/8
  3221 | D:3      | HP: 1/30 [adder (3)]
  3226 | D:3      | Succumbed to an adder's poison

Skill      XL: |  1  2 |
---------------+-------+-----
Stealth        | 5 |  5.8
Hexes          | 5 |  5.6
Short Blades   | |  1.1
Dodging        | |  2.1
Spellcasting   | |  2.9

Action                   |  1- 3 |  4- 6 || total
-------------------------+-------+-------++-------
Melee: Dagger            |   115 |    14 ||   129
       Bite              |    14 |     2 ||    16
 Cast: Corona            |     1 |       ||     1
       Ensorcelled Hiber |    27 |     3 ||    30
       Confuse           |     1 |       ||     1
  Use: Potion            |     1 |     2 ||     3
 Stab: Sleeping          |    29 |     1 ||    30
       Distracted        |     1 |       ||     1
Armor: Robe              |    19 |     3 ||    22
Dodge: Dodged            |    69 |     7 ||    76
